 Dungeon Crawl Stone Soup version 0.21.1-1-g345015f (webtiles) character file.

196 Tarasboulda the Grave Robber (level 5, -1/32 (38) HPs)
             Began as a Ghoul Necromancer on June 6, 2018.
             Was an Initiate of Qazlal.
             Slain by a hound (3 damage)
             ... on level 4 of the Dungeon.
             The game lasted 00:25:58 (4507 turns).

Tarasboulda the Grave Robber (Ghoul Necromancer)    Turns: 4507, Time: 00:25:59

HP:   -1/32 (38)    AC:  3    Str: 12    XL:     5   Next: 75%
MP:   0/8           EV: 12    Int: 11    God:    Qazlal [......]
Gold: 145           SH:  0    Dex:  9    Spells: 4/9 levels left

rFire    + . .     SeeInvis .   p - +1 rapier
rCold    . . .     Gourm    .   (no shield)
rNeg     + + +     Faith    .   a - +1 robe
rPois    ∞         Spirit   .   (no helmet)
rElec    .         Reflect  .   (no cloak)
rCorr    .         Harm     .   (no gloves)
MR       .....                  (no boots)
Stlth    ++........             (no amulet)
HPRegen  0.00/turn              k - ring of fire
MPRegen  0.11/turn              (no ring)

@: very slightly contaminated, rotting
A: rotting body, claws 1, carnivore, cold resistance 1, negative energy
resistance 3, inhibited regeneration, torment resistance, unbreathing
a: Renounce Religion


You were on level 4 of the Dungeon.
You worshipped Qazlal.
Qazlal was noncommittal.
You were hungry.

You visited 1 branch of the dungeon, and saw 5 of its levels.

You collected 145 gold pieces.

Inventory:

Hand Weapons
 g - a +0 spear
 h - a +0 short sword
 j - a cursed +0 morningstar
 p - a +1 rapier (weapon)
Armour
 a - a +1 robe (worn)
 e - a +0 robe
 m - a +0 helmet
Jewellery
 k - a ring of fire (left claw)
 r - a +2 amulet of reflection {unknown}
Scrolls
 d - 4 scrolls of identify
 f - a scroll of teleportation
 i - 4 scrolls of remove curse
 n - a scroll of amnesia
Potions
 l - a potion of magic {unknown}
 o - a potion of ambrosia
 q - a potion of flight {unknown}
Books
 b - a book of Necromancy

   Spells                             Type                      Level
   a - Pain                           Necromancy                   1
   b - Animate Skeleton               Necromancy                   1
   c - Vampiric Draining              Necromancy                   3
   d - Regeneration                   Charms/Necromancy            3
   e - Animate Dead                   Necromancy                   4
   f - Borgnjor's Vile Clutch         Necromancy/Earth             5
Comestibles
 c - 5 rations


   Skills:
 - Level 0.2 Polearms
 + Level 2.5 Dodging
 + Level 3.5 Stealth
 - Level 0.1 Unarmed Combat
 + Level 2.8 Spellcasting
 + Level 5.2 Necromancy


You had 4 spell levels left.
You knew the following spells:

 Your Spells              Type           Power        Failure   Level  Hunger
a - Pain                  Necr           ##..         3%          1    #......
b - Animate Skeleton      Necr           N/A          3%          1    #......
c - Vampiric Draining     Necr           ##........   10%         3    ###....


Dungeon Overview and Level Annotations

Branches:
Dungeon (5/15)
 Temple: D:4-7

Altars:
Nemelex Xobeh
Okawaru
Qazlal
The Shining One

Annotations:
D:3 Jaiteiro's ghost, amateur GnSk


Innate Abilities, Weirdness & Mutations

Your body is rotting away.
You thrive on raw meat.
You are immune to poison.
You have sharp fingernails.
You are carnivorous and can eat meat at any time.
Your flesh is cold resistant. (rC+)
You are immune to negative energy. (rN+++)
You do not regenerate when monsters are visible.
You are immune to unholy pain and torment.
You can survive without breathing.


Message History

The hound writhes in agony!
The hound bites you.
You barely miss the hound.
The hound is severely wounded.
The hound barely misses you. The hound bites you but does no damage.
You miss the hound.
The hound is severely wounded.
The hound bites you. x2
You miss the hound.
The hound is severely wounded.
The hound bites you but does no damage. The hound bites you.
You hit the hound.
The hound is almost dead.
The hound bites you.
* * * LOW HITPOINT WARNING * * *
You miss the hound.
The hound is almost dead.
The hound bites you.
* * * LOW HITPOINT WARNING * * *
The hound bites you.
You die...

..# ..##
... #.##
#...
##.#.#
###.##.#
#...h@.#
#.#.####
#.##.#
#.# #..
#.# ###
# ###.#
# #...#
# ##.###
# #..#


You could see a hound.

Vanquished Creatures
  A scorpion (D:4)
  A bullfrog skeleton (D:3)
  Robin (D:3)
  2 adders
  An ooze (D:1)
  3 worms (D:3)
  An adder skeleton (D:3)
  2 dart slugs
  3 leopard geckos
  An orc (D:3)
  5 bats
  2 giant cockroaches
  12 goblins
  9 hobgoblins
  7 kobolds
  3 quokkas
  3 frilled lizards
  4 rats
61 creatures vanquished.

Vanquished Creatures (collateral kills)
  A worm (D:3)
  A bat (D:2)
  A giant cockroach (D:2)
  A hobgoblin (D:1)
  3 goblins
7 creatures vanquished.

Grand Total: 68 creatures vanquished

Notes
Turn   | Place    | Note
-------+----------+-------------------------------------------
     0 | D:1      | Tarasboulda the Ghoul Necromancer began the quest for the Orb.
     0 | D:1      | Reached XP level 1. HP: 14/14 MP: 2/2
   180 | D:1      | Reached XP level 2. HP: 10/20 MP: 0/3
   183 | D:1      | Learned a level 1 spell: Animate Skeleton
   828 | D:1      | Reached XP level 3. HP: 26/26 MP: 2/5
  1318 | D:2      | Learned a level 3 spell: Vampiric Draining
  1986 | D:2      | Reached XP level 4. HP: 30/33 MP: 2/6
  2192 | D:3      | Found a stormy altar of Qazlal.
  2252 | D:3      | Noticed Jaiteiro's ghost (amateur GnSk)
  2792 | D:3      | Noticed Robin
  2898 | D:3      | Found a sparkling altar of Nemelex Xobeh.
  2921 | D:3      | Reached skill level 5 in Necromancy
  2921 | D:3      | Reached XP level 5. HP: 21/38 MP: 3/7
  2954 | D:3      | Found an iron altar of Okawaru.
  3239 | D:3      | Killed Robin
  3360 | D:3      | Found a glowing golden altar of the Shining One.
  3432 | D:3      | Became a worshipper of Qazlal Stormbringer
  4168 | D:5      | Entered Level 5 of the Dungeon
  4507 | D:4      | Slain by a hound

Skill      XL: |  1  2  3  4 |
---------------+-------------+-----
Spellcasting   | 2 |  2.8
Dodging        | 2 |  2.5
Stealth        | 3 |  3.5
Necromancy     | 5 |  5.2
Polearms       | |  0.2
Unarmed Combat | |  0.1

Action                   |  1- 3 |  4- 6 || total
-------------------------+-------+-------++-------
Melee: Unarmed           |    18 |       ||    18
       Spear             |    25 |       ||    25
       Rapier            |    15 |    71 ||    86
 Cast: Pain              |    56 |    56 ||   112
       Animate Skeleton  |     8 |     5 ||    13
       Vampiric Draining |     1 |     8 ||     9
  Use: Scroll            |     2 |     8 ||    10
       Potion            |       |     1 ||     1
  Eat: Chunk             |     6 |     7 ||    13
       Ration            |       |     1 ||     1
Armor: Robe              |    12 |    24 ||    36
Dodge: Dodged            |    53 |    87 ||   140
